Map: Thunderbird LE

Players

Serral

  • Race: Zerg Zerg
  • League: Master
  • Spawn Location: 5:00

Kelazhur - Winner!

  • Race: Terran Terran
  • League: Master
  • Spawn Location: 11:00

Event: HomeStory Cup XX

VOD

Have the link to the VOD?

Description

Time

  • Played on: Nov. 22, 2019, 11:36 a.m.
  • Length: 9:42

All games in this series

Show
View Real Time Build Order
Export as new Build Order

Serral Zerg 

Build Orders: Hatch First 

Get SALT Encoding   

  12  0:00  Drone  
  13  0:12  Overlord  
  13  0:17  Drone  
  14  0:30  Drone x2  
  16  0:48  Hatchery  
  15  0:51  Drone  
  15  0:54  Drone  
  17  0:57  Drone  
  18  1:08  Extractor  
  17  1:13  Spawning Pool  
  17  1:16  Drone  
  17  1:19  Drone  
  18  1:28  Drone  
  19  1:39  Drone  
  20  1:59  Queen, Overlord  
  20  2:00  Queen  
  20  2:01  Zergling x4  
  26  2:12  Metabolic Boost, Drone x2  
  28  2:26  Drone x2  
  30  2:33  Hatchery  
  28  2:39  Drone  
  28  2:42  Drone  
  30  2:46  Queen  
  32  2:52  Overlord  
  32  2:54  Drone  
  32  2:57  Drone  
  34  2:59  Drone  
  35  3:08  Pneumatized Carapace  
  35  3:15  Zergling x2  
  35  3:18  Drone x3  
  35  3:19  Overlord  
  39  3:20  Drone  
  39  3:24  Queen  
  42  3:29  Drone  
  43  3:39  Drone x3  
  46  3:41  Overlord  
  46  3:42  Drone  
  46  3:43  Drone  
  46  3:47  Queen  
  50  3:49  Zergling x2  
  50  3:51  Drone  
  50  3:54  Drone x2  
  50  3:55  Drone  
  55  4:00  Zergling x2  
  55  4:02  Drone x2  
  58  4:06  Queen  
  58  4:09  Overlord  
  60  4:10  Drone  
  60  4:12  Drone  
  60  4:14  Drone x2  
  64  4:18  Drone  
  64  4:19  Overlord  
  65  4:28  Zergling x2, Overlord, Baneling Nest  
  65  4:32  Lair  
  65  4:33  Drone  
  65  4:35  Spore Crawler  
  65  4:36  Zergling x2  
  65  4:37  Spore Crawler  
  65  4:39  Drone x2  
  65  4:42  Drone  
  65  4:43  Extractor x2  
  65  4:44  Drone  
  65  4:45  Drone x2  
  69  4:49  Drone  
  69  4:50  Drone x2  
  69  4:51  Drone x2  
  74  4:57  Queen  
  72  5:00  Drone x2  
  72  5:03  Drone x2  
  72  5:04  Drone  
  77  5:07  Drone  
  77  5:12  Drone x2  
  77  5:13  Extractor  
  78  5:15  Drone  
  78  5:16  Drone  
  78  5:17  Drone  
  78  5:18  Drone  
  82  5:21  Extractor  
  82  5:22  Extractor  
  82  5:26  Drone x3  
  83  5:31  Centrifical Hooks  
  83  5:34  Hatchery  
  83  5:35  Queen  
  84  5:38  Overseer  
  84  5:39  Drone x3  
  84  5:40  Drone  
  88  5:47  Zergling x2  
  88  5:49  Overlord x3  
  89  5:50  Overlord  
  89  6:05  Zergling x4, Evolution Chamber x2  
  89  6:09  Drone, Overlord  
  89  6:10  Zergling x10  
  89  6:11  Zergling x6  
  98  6:12  Baneling x5  
  98  6:13  Baneling  
  98  6:16  Overlord  
  98  6:18  Zergling x2  
  99  6:25  Zergling x8  
  101  6:27  Overlord  
  101  6:30  Overseer  
  103  6:33  Zerg Ground Armor Level 1  
  103  6:35  Zerg Melee Weapons Level 1  
  103  6:36  Drone  
  103  6:37  Drone x4, Spire  
  107  6:46  Queen  
  109  6:47  Drone x2  
  109  6:50  Overlord  
  109  6:52  Drone x4  
  109  6:53  Overlord  
  115  6:55  Zergling x4  
  115  6:58  Zergling x4  
  119  7:03  Zergling x2  
  119  7:04  Zergling x2  
  118  7:09  Zergling x8  
  121  7:17  Zergling x2  
  121  7:18  Zergling x4  
  121  7:22  Baneling x4  
  124  7:25  Zergling x12  
  124  7:27  Baneling x9  
  124  7:28  Baneling x3  
  128  7:32  Drone x2  
  128  7:39  Zergling x14  
  131  7:52  Zergling x2  
  131  7:53  Zergling x6  
  131  7:54  Baneling x7  
  128  8:00  Zergling x4  
  128  8:04  Baneling x5  
  128  8:05  Hatchery  
  129  8:09  Queen  
  129  8:11  Zergling x14  
  135  8:15  Baneling x10  
  126  8:25  Zergling x16  
  120  8:32  Drone x2  
  120  8:33  Baneling  
  122  8:36  Baneling x5  
  122  8:37  Zergling x2  
  122  8:38  Zergling x18  
  122  8:40  Hatchery  
  130  8:43  Overlord  
  128  8:54  Baneling x5  
  128  8:55  Zergling x12  
  133  8:59  Zergling x12  
  133  9:01  Baneling x7  
  136  9:11  Zergling x16  
  136  9:16  Baneling x4  
  126  9:25  Zergling x2  
Show
View Real Time Build Order
Export as new Build Order

Kelazhur Terran - Winner!

Build Orders: Liberator Opening, Reaper Expand 

Get SALT Encoding   

  12  0:00  SCV  
  13  0:12  SCV  
  14  0:17  Supply Depot  
  14  0:24  SCV  
  15  0:38  SCV  
  15  0:40  Barracks  
  16  0:42  Refinery  
  16  0:50  SCV  
  17  1:02  SCV  
  18  1:15  SCV  
  19  1:27  Orbital Command, Reaper  
  20  1:38  Command Center  
  20  1:46  Supply Depot  
  20  1:52  SCV  
  21  1:59  Marine  
  22  2:02  Factory  
  22  2:05  SCV  
  23  2:14  Refinery  
  23  2:17  SCV  
  23  2:19  Barracks Reactor  
  24  2:29  SCV  
  25  2:41  SCV  
  26  2:52  Starport  
  26  2:53  Orbital Command  
  26  2:54  SCV  
  27  3:01  Hellion x2  
  31  3:06  SCV  
  31  3:12  Liberator  
  32  3:13  Barracks Tech Lab  
  32  3:18  SCV  
  33  3:20  SCV  
  33  3:23  Hellion x2, Supply Depot  
  38  3:30  SCV  
  38  3:32  SCV  
  43  3:43  SCV  
  43  3:44  SCV  
  45  3:49  Command Center  
  45  3:56  SCV x2  
  45  3:58  Hellion x2  
  45  4:02  Supply Depot  
  51  4:07  Liberator  
  51  4:09  SCV x2  
  53  4:21  SCV  
  53  4:24  Marine, SCV  
  59  4:25  Stimpack  
  59  4:29  Hellion x2  
  61  4:33  SCV  
  61  4:35  Supply Depot  
  62  4:39  SCV  
  62  4:44  Marine  
  65  4:45  SCV  
  65  4:48  Barracks x2  
  65  4:51  SCV  
  66  4:57  SCV  
  67  5:03  Orbital Command, SCV  
  67  5:05  Engineering Bay  
  67  5:06  Engineering Bay  
  66  5:07  Refinery  
  66  5:08  Refinery  
  66  5:09  SCV  
  66  5:10  Marine  
  66  5:11  Supply Depot  
  68  5:15  SCV  
  68  5:16  Starport Reactor  
  66  5:22  SCV  
  66  5:25  Factory Tech Lab  
  67  5:29  Orbital Command, SCV  
  66  5:37  Terran Infantry Weapons Level 1, Terran Infantry Armor Level 1  
  66  5:42  Barracks  
  66  5:43  Supply Depot, SCV  
  66  5:44  Barracks  
  66  5:46  Marine  
  66  5:49  SCV  
  69  5:52  Marine x2  
  69  5:55  SCV  
  72  5:58  SCV, Armory  
  72  6:00  Marine x2  
  72  6:01  SCV  
  72  6:02  Starport Reactor  
  76  6:04  Marine  
  76  6:06  Combat Shield, Siege Tank  
  76  6:07  SCV  
  76  6:10  Marine, SCV  
  76  6:11  Marine  
  83  6:13  SCV  
  83  6:18  Marine x2, Supply Depot  
  87  6:24  SCV  
  88  6:27  Marauder  
  88  6:28  Marine, SCV x2  
  88  6:29  Marine  
  94  6:36  Supply Depot, SCV  
  94  6:37  Barracks Reactor x2  
  94  6:39  Marine x2, Siege Tank  
  98  6:40  Medivac, SCV x2  
  98  6:41  Medivac  
  106  6:48  Marine, SCV  
  106  6:52  Marine x2  
  110  6:55  SCV x2  
  110  6:56  Supply Depot  
  110  6:57  Marine x2  
  110  6:59  Refinery  
  110  7:00  SCV  
  115  7:01  Supply Depot  
  115  7:06  Marine  
  114  7:09  Barracks x2  
  114  7:10  Marine x2, Barracks  
  114  7:13  Medivac x2  
  111  7:18  Siege Tank  
  111  7:19  Marine x5  
  119  7:35  Marine  
  119  7:36  Marine x3  
  123  7:37  Marine  
  123  7:43  Marine x3, Medivac x2  
  131  7:46  Marine, Supply Depot  
  131  7:50  Refinery, Supply Depot  
  126  7:54  Marine  
  126  7:55  Marauder  
  126  7:56  Marine  
  128  8:01  Marine x8  
  128  8:04  Marine  
  137  8:09  Siege Tank  
  137  8:12  Marine  
  140  8:13  Medivac x2  
  140  8:14  Marine, Supply Depot  
  140  8:16  Marine  
  140  8:17  Supply Depot  
  140  8:18  Marine  
  140  8:19  Marine  
  142  8:25  Marine x7  
  142  8:26  Liberator x2  
  137  8:30  Marine  
  137  8:31  Marine  
  137  8:34  Marine  
  140  8:36  Marine  
  140  8:38  Marine  
  142  8:43  Marine x3  
  151  8:50  Marine x6  
  151  8:52  Marauder  
  151  8:54  Marine  
  160  9:01  Marine  
  158  9:05  Marine  
  158  9:13  Marauder  
  158  9:14  Marine x6  
  158  9:15  Command Center  
Tags
 
Add a new tag
Caveats
  • Supply blocks, unpowered buildings, or Contaminate may cause inaccurate times.
  • Supply counts are checked every 10 seconds.